| TOP OF THE 1ST |
|
Charlotte Knights batting - Pitching for Norfolk Tides : RHP Cody Calderon
|
|
Pitching: RHP Cody Calderon
|
|
|
Batting: LHB Hirakito Herring
|
0-0: Called Strike 0-1: Foul Ball, location: 2F 0-2: SINGLE (Groundball, 34D, EV 95.6 MPH)
|
|
Batting: RHB Darwin Mills
|
0-0: Ball 1-0: Grounds into double play, 4-6-3 (Groundball, 4S, EV 90.0 MPH)
|
|
Batting: LHB Jorge Rosales
|
0-0: Called Strike 0-1: Called Strike 0-2: SINGLE (Groundball, 56D, EV 103.1 MPH)
|
|
Batting: LHB Brian Dickeson
|
0-0: Called Strike 0-1: Ball 1-1: Called Strike 1-2: Ball 2-2: Strikes out swinging
|
| Top of the 1st over - 0 runs, 2 hits, 0 errors, 1 left on base; Charlotte 0 - Norfolk 0 |
| BOTTOM OF THE 1ST |
|
Norfolk Tides batting - Pitching for Charlotte Knights : RHP Yee Li
|
|
Pitching: RHP Yee Li
|
|
|
Batting: LHB Hyoji Toda
|
0-0: Ball 1-0: Swinging Strike 1-1: Called Strike 1-2: Strikes out swinging
|
|
Batting: SHB Brian Bentz
|
0-0: Called Strike 0-1: Swinging Strike 0-2: Foul Ball, location: 2F 0-2: Ball 1-2: Ball 2-2: Foul Ball, location: 2F 2-2: Fly out, F8 (Line Drive, 8RD, EV 91.9 MPH)
|
|
Batting: RHB Mario Saez
|
0-0: Ground out 5-3 (Groundball, 5, EV 98.8 MPH)
|
| Bottom of the 1st over - 0 runs, 0 hits, 0 errors, 0 left on base; Charlotte 0 - Norfolk 0 |
| TOP OF THE 2ND |
|
Charlotte Knights batting - Pitching for Norfolk Tides : RHP Cody Calderon
|
|
Batting: LHB Jake Goddard
|
0-0: Foul Ball, location: 2F 0-1: Ball 1-1: Foul Ball, location: 2F 1-2: Foul Ball, location: 2F 1-2: Strikes out swinging
|
|
Batting: RHB Will Washburn
|
0-0: Called Strike 0-1: Foul Ball, location: 2F 0-2: Strikes out swinging
|
|
Batting: RHB Erik Christensen
|
0-0: Foul Ball, location: 2F 0-1: SINGLE (Flyball, 8LS, EV 92.5 MPH)
|
|
Batting: RHB Nick Richardson
|
0-0: Ball 1-0: Called Strike Erik Christensen is caught stealing 2nd base 2-4
|
| Top of the 2nd over - 0 runs, 1 hit, 0 errors, 0 left on base; Charlotte 0 - Norfolk 0 |
| BOTTOM OF THE 2ND |
|
Norfolk Tides batting - Pitching for Charlotte Knights : RHP Yee Li
|
|
Batting: RHB Mike Hayward
|
0-0: Ball 1-0: Swinging Strike 1-1: Swinging Strike 1-2: Strikes out swinging
|
|
Batting: LHB Gabe Pace
|
0-0: Ball 1-0: Foul Ball, location: 2F 1-1: Swinging Strike 1-2: SINGLE (Groundball, 4MS, EV 68.8 MPH) (infield hit)
|
|
Batting: RHB Tony Logan
|
0-0: Called Strike Gabe Pace steals 2nd base 0-1: SINGLE (Line Drive, 9S, EV 111.2 MPH) Gabe Pace to third Runner from 3rd tries for Home, SAFE, throw by RF to home
|
|
Batting: LHB Josh Downs
|
0-0: Foul Ball, location: 2F 0-1: Grounds into double play, 5-4-3 (Groundball, 56S, EV 85.0 MPH)
|
| Bottom of the 2nd over - 1 run, 2 hits, 0 errors, 0 left on base; Charlotte 0 - Norfolk 1 |
| TOP OF THE 3RD |
|
Charlotte Knights batting - Pitching for Norfolk Tides : RHP Cody Calderon
|
|
Batting: RHB Nick Richardson
|
0-0: Swinging Strike 0-1: Foul Ball, location: 2F 0-2: Ball 1-2: Strikes out looking
|
|
Batting: RHB Harvey Harvey
|
0-0: Ball 1-0: SINGLE (Groundball, 56D, EV 94.4 MPH)
|
|
Batting: LHB Hirakito Herring
|
0-0: Ball 1-0: Called Strike 1-1: Swinging Strike 1-2: Ball 2-2: Ball 3-2: SINGLE (Groundball, 4MD, EV 95.0 MPH) Harvey Harvey to second Runner from 2nd tries for 3rd, SAFE, no throw by CF
|
|
Batting: RHB Darwin Mills
|
0-0: Swinging Strike 0-1: Ball 1-1: Ball 2-1: Fly out, F3 (Popup, 13, EV 86.2 MPH)
|
|
Batting: LHB Jorge Rosales
|
0-0: Called Strike 0-1: Ball 1-1: Foul Ball, location: 2F 1-2: Strikes out swinging
|
| Top of the 3rd over - 0 runs, 2 hits, 0 errors, 2 left on base; Charlotte 0 - Norfolk 1 |
| BOTTOM OF THE 3RD |
|
Norfolk Tides batting - Pitching for Charlotte Knights : RHP Yee Li
|
|
Batting: RHB Sal Espinosa
|
0-0: Called Strike 0-1: Ball 1-1: Ball 2-1: Foul Ball, location: 2F 2-2: Strikes out swinging
|
|
Batting: RHB Jesus Luque
|
0-0: Ball 1-0: Foul Ball, location: 2F 1-1: Called Strike 1-2: SINGLE (Groundball, 4M, EV 106.2 MPH)
|
|
Batting: LHB Hyoji Toda
|
0-0: Called Strike 0-1: Ball 1-1: Called Strike Jesus Luque steals 2nd base 1-2: Strikes out swinging
|
|
Batting: SHB Brian Bentz
|
0-0: Called Strike 0-1: Ball 1-1: Ball 2-1: Called Strike 2-2: Ball 3-2: Foul Ball, location: 2F 3-2: Foul Ball, location: 2F 3-2: SINGLE (Line Drive, 4D, EV 98.1 MPH) Jesus Luque to third Runner from 3rd tries for Home, throw by RF and OUT! 9-2
|
| Bottom of the 3rd over - 0 runs, 2 hits, 0 errors, 1 left on base; Charlotte 0 - Norfolk 1 |
| TOP OF THE 4TH |
|
Charlotte Knights batting - Pitching for Norfolk Tides : RHP Cody Calderon
|
|
Batting: LHB Brian Dickeson
|
0-0: DOUBLE (Line Drive, 7LM, EV 106.2 MPH)
|
|
Batting: LHB Jake Goddard
|
0-0: Swinging Strike 0-1: Called Strike 0-2: Ground out 4-3 (Groundball, 4, EV 86.2 MPH) Brian Dickeson to third
|
|
Batting: RHB Will Washburn
|
0-0: Foul Ball, location: 2F 0-1: Foul Ball, location: 2F 0-2: Ball 1-2: Foul Ball, location: 2F 1-2: Ball 2-2: Ball 3-2: Foul Ball, location: 2F 3-2: Strikes out swinging
|
|
Batting: RHB Erik Christensen
|
0-0: Ball 1-0: Foul Ball, location: 2F 1-1: Called Strike 1-2: Ball 2-2: Ball 3-2: Foul Ball, location: 2F 3-2: Base on Balls
|
|
Batting: RHB Nick Richardson
|
0-0: Ball 1-0: Ball Erik Christensen steals 2nd base 2-0: Called Strike 2-1: Foul Ball, location: 2F 2-2: Reached on error, E6 (Groundball, 6, EV 78.8 MPH) Brian Dickeson scores Erik Christensen scores
|
|
Batting: RHB Harvey Harvey
|
0-0: Ball 1-0: Ball 2-0: Foul Ball, location: 2F 2-1: Ground out 6-3 (Groundball, 6, EV 103.8 MPH)
|
| Top of the 4th over - 2 runs, 1 hit, 1 error, 1 left on base; Charlotte 2 - Norfolk 1 |
| BOTTOM OF THE 4TH |
|
Norfolk Tides batting - Pitching for Charlotte Knights : RHP Yee Li
|
|
Batting: RHB Mario Saez
|
0-0: Called Strike 0-1: Foul Ball, location: 2F 0-2: Ball 1-2: Fly out, F7 (Line Drive, 7, EV 95.0 MPH)
|
|
Batting: RHB Mike Hayward
|
0-0: DOUBLE (Line Drive, 9LD, EV 105.0 MPH)
|
|
Batting: LHB Gabe Pace
|
0-0: Called Strike 0-1: Ball 1-1: Called Strike 1-2: Ball 2-2: Fly out, F9 (Flyball, 9, EV 86.9 MPH)
|
|
Batting: RHB Tony Logan
|
0-0: Called Strike 0-1: Ground out 5-3 (Groundball, 56S, EV 65.0 MPH)
|
| Bottom of the 4th over - 0 runs, 1 hit, 0 errors, 1 left on base; Charlotte 2 - Norfolk 1 |
| TOP OF THE 5TH |
|
Charlotte Knights batting - Pitching for Norfolk Tides : RHP Cody Calderon
|
|
Batting: LHB Hirakito Herring
|
0-0: Ball 1-0: Called Strike 1-1: Foul Ball, location: 2F 1-2: Strikes out swinging
|
|
Batting: RHB Darwin Mills
|
0-0: Ground out 6-3 (Groundball, 6M, EV 86.9 MPH)
|
|
Batting: LHB Jorge Rosales
|
0-0: Ball 1-0: Fly out, F2 (Popup, 23F, EV 76.9 MPH)
|
| Top of the 5th over - 0 runs, 0 hits, 0 errors, 0 left on base; Charlotte 2 - Norfolk 1 |
| BOTTOM OF THE 5TH |
|
Norfolk Tides batting - Pitching for Charlotte Knights : RHP Yee Li
|
|
Batting: LHB Josh Downs
|
0-0: Ball 1-0: Fly out, F8 (Flyball, 8LS, EV 85.0 MPH)
|
|
Batting: RHB Sal Espinosa
|
0-0: Ball 1-0: Ball 2-0: Ball 3-0: Ground out 3-1 (Groundball, 34, EV 106.9 MPH)
|
|
Batting: RHB Jesus Luque
|
0-0: Called Strike 0-1: Called Strike 0-2: Ball 1-2: Foul Ball, location: 2F 1-2: Strikes out swinging
|
| Bottom of the 5th over - 0 runs, 0 hits, 0 errors, 0 left on base; Charlotte 2 - Norfolk 1 |
| TOP OF THE 6TH |
|
Charlotte Knights batting - Pitching for Norfolk Tides : RHP Cody Calderon
|
|
Batting: LHB Brian Dickeson
|
0-0: Ball 1-0: Ball 2-0: Called Strike 2-1: Swinging Strike 2-2: Fly out, F8 (Flyball, 8RM, EV 81.9 MPH)
|
|
Batting: LHB Jake Goddard
|
0-0: Ball 1-0: Called Strike 1-1: Foul Ball, location: 2F 1-2: Ball 2-2: Ball 3-2: Foul Ball, location: 2F 3-2: Strikes out swinging
|
|
Batting: RHB Will Washburn
|
0-0: Ball 1-0: Ball 2-0: Foul Ball, location: 2F 2-1: Ball 3-1: Called Strike 3-2: Fly out, F4 (Flyball, 34D, EV 95.0 MPH)
|
| Top of the 6th over - 0 runs, 0 hits, 0 errors, 0 left on base; Charlotte 2 - Norfolk 1 |
| BOTTOM OF THE 6TH |
|
Norfolk Tides batting - Pitching for Charlotte Knights : RHP Yee Li
|
|
Batting: LHB Hyoji Toda
|
0-0: Ball 1-0: Reached on error, E5 (Groundball, 56, EV 101.2 MPH)
|
|
Batting: SHB Brian Bentz
|
0-0: Ball 1-0: DOUBLE (Line Drive, 9LM, EV 100.0 MPH) Hyoji Toda to third Runner from 3rd tries for Home, SAFE, no throw by RF
|
|
Batting: RHB Mario Saez
|
0-0: Fly out, F7 (Line Drive, 7S, EV 94.4 MPH)
|
|
Batting: RHB Mike Hayward
|
0-0: Ball 1-0: Ball 2-0: Ground out 5-3 (Groundball, 5, EV 85.0 MPH)
|
|
Batting: LHB Gabe Pace
|
0-0: Ball 1-0: Ball 2-0: Ball 3-0: Called Strike 3-1: Base on Balls
|
|
Batting: RHB Tony Logan
|
0-0: Ball 1-0: Foul Ball, location: 2F 1-1: Foul Ball, location: 2F 1-2: Ground out 3-1 (Groundball, 34S, EV 86.2 MPH)
|
| Bottom of the 6th over - 1 run, 1 hit, 1 error, 2 left on base; Charlotte 2 - Norfolk 2 |
| TOP OF THE 7TH |
|
Charlotte Knights batting - Pitching for Norfolk Tides : RHP Cody Calderon
|
|
Batting: RHB Erik Christensen
|
0-0: Swinging Strike 0-1: Ball 1-1: Ball 2-1: Called Strike 2-2: Foul Ball, location: 2F 2-2: Ball 3-2: Ground out 1-3 (Groundball, 15S, EV 64.4 MPH)
|
|
Batting: RHB Nick Richardson
|
0-0: Foul Ball, location: 2F 0-1: Swinging Strike 0-2: Ground out 4-3 (Groundball, 4M, EV 85.0 MPH)
|
|
Batting: RHB Harvey Harvey
|
0-0: Fly out, F7 (Flyball, 7S, EV 95.6 MPH)
|
| Top of the 7th over - 0 runs, 0 hits, 0 errors, 0 left on base; Charlotte 2 - Norfolk 2 |
| BOTTOM OF THE 7TH |
|
Norfolk Tides batting - Pitching for Charlotte Knights : RHP Yee Li
|
|
Batting: LHB Josh Downs
|
0-0: Ball 1-0: Swinging Strike 1-1: Ball 2-1: Foul Ball, location: 2F 2-2: Fly out, F8 (Flyball, 8LM, EV 93.1 MPH)
|
|
Batting: RHB Sal Espinosa
|
0-0: Called Strike 0-1: Fly out, F3 (Line Drive, 3, EV 61.9 MPH)
|
|
Batting: RHB Jesus Luque
|
0-0: Foul Ball, location: 2F 0-1: Ball 1-1: Ball 2-1: Ball 3-1: Base on Balls
|
|
Batting: LHB Hyoji Toda
|
0-0: Called Strike 0-1: Called Strike 0-2: Ball 1-2: Strikes out looking
|
| Bottom of the 7th over - 0 runs, 0 hits, 0 errors, 1 left on base; Charlotte 2 - Norfolk 2 |
| TOP OF THE 8TH |
|
Charlotte Knights batting - Pitching for Norfolk Tides : RHP Cody Calderon
|
|
Pitching: RHP Dustin Wein
|
|
|
Batting: LHB Hirakito Herring
|
0-0: Called Strike 0-1: Fly out, F7 (Flyball, 7S, EV 91.2 MPH)
|
|
Pinch Hitting: LHB Sonny Flood
|
0-0: Called Strike 0-1: Foul Ball, location: 2F 0-2: Ball 1-2: Ball 2-2: Strikes out swinging
|
|
Batting: LHB Jorge Rosales
|
0-0: Called Strike 0-1: Foul Ball, location: 2F 0-2: Ground out 4-3 (Groundball, 4, EV 108.8 MPH)
|
| Top of the 8th over - 0 runs, 0 hits, 0 errors, 0 left on base; Charlotte 2 - Norfolk 2 |
| BOTTOM OF THE 8TH |
|
Norfolk Tides batting - Pitching for Charlotte Knights : RHP Yee Li
|
|
Pitching: RHP Chris Rodgers
|
|
|
Now at C: Justin Harris
|
|
|
Batting: SHB Brian Bentz
|
0-0: Called Strike 0-1: Ground out 6-3 (Groundball, 4, EV 94.4 MPH)
|
|
Batting: RHB Mario Saez
|
0-0: Ball 1-0: Called Strike 1-1: Swinging Strike 1-2: Strikes out swinging
|
|
Batting: RHB Mike Hayward
|
0-0: Foul Ball, location: 2F 0-1: Swinging Strike 0-2: SINGLE (Flyball, 9S, EV 96.2 MPH)
|
|
Batting: LHB Gabe Pace
|
0-0: Ball 1-0: Foul Ball, location: 2F 1-1: Ball 2-1: Ball 3-1: Ground out 4-3 (Groundball, 4, EV 86.2 MPH)
|
| Bottom of the 8th over - 0 runs, 1 hit, 0 errors, 1 left on base; Charlotte 2 - Norfolk 2 |
| TOP OF THE 9TH |
|
Charlotte Knights batting - Pitching for Norfolk Tides : RHP Dustin Wein
|
|
Batting: LHB Brian Dickeson
|
0-0: Ball 1-0: Ball 2-0: Called Strike 2-1: Foul Ball, location: 2F 2-2: SINGLE (Groundball, 34D, EV 99.4 MPH)
|
|
Batting: LHB Jake Goddard
|
0-0: Ball 1-0: Foul Ball, location: 2F 1-1: Foul Ball, location: 2F 1-2: 2-RUN HOME RUN (Flyball, 9LD, EV 96.9 MPH), Distance : 354 ft
|
|
Batting: RHB Will Washburn
|
0-0: Ball 1-0: Called Strike 1-1: Fly out, F9 (Flyball, 9, EV 91.2 MPH)
|
|
Batting: RHB Erik Christensen
|
0-0: Foul Ball, location: 2F 0-1: Ball 1-1: Called Strike 1-2: Fly out, F8 (Flyball, 8LD, EV 93.1 MPH)
|
|
Batting: RHB Nick Richardson
|
0-0: Fly out, F8 (Line Drive, 8LM, EV 104.4 MPH)
|
| Top of the 9th over - 2 runs, 2 hits, 0 errors, 0 left on base; Charlotte 4 - Norfolk 2 |
| BOTTOM OF THE 9TH |
|
Norfolk Tides batting - Pitching for Charlotte Knights : RHP Chris Rodgers
|
|
Pitching: RHP Michael McMurry
|
|
|
Now in LF: Casey Quinones
|
|
|
Batting: RHB Tony Logan
|
0-0: Ball 1-0: Called Strike 1-1: SINGLE (Line Drive, 89M, EV 100.6 MPH)
|
|
Batting: LHB Josh Downs
|
0-0: Ball 1-0: Called Strike 1-1: Ball 2-1: Foul Ball, location: 2F 2-2: Foul Ball, location: 2F 2-2: Foul Ball, location: 2F 2-2: Grounds into double play, 6-4-3 (Groundball, 6, EV 80.6 MPH)
|
|
Pinch Hitting: LHB Tom Edwards
|
0-0: Ball 1-0: Swinging Strike 1-1: Called Strike 1-2: Strikes out looking
|
| Bottom of the 9th over - 0 runs, 1 hit, 0 errors, 0 left on base; Charlotte 4 - Norfolk 2 |
|